 Dungeon Crawl Stone Soup version 0.25-a0-341-g6f074c887a (webtiles) character file.

Game seed: 3102714732852286561, levelgen mode: deterministic

175 night the Skirmisher (level 5, 0/32 HPs)
             Began as a Kobold Wanderer on Dec 30, 2019.
             Slain by a gnoll
             ... wielding a +3 spear of venom
              (6 damage)
             ... on level 3 of the Dungeon.
             The game lasted 00:05:27 (2885 turns).

night the Skirmisher (Kobold Wanderer)              Turns: 2885, Time: 00:05:28

Health: 0/32       AC:  2    Str: 10    XL:     5   Next: 85%
Magic:  8/8        EV: 15    Int: 12    God:
Gold:   129        SH:  0    Dex: 16    Spells: 7/8 levels left

rFire    . . .     SeeInvis .   b - +0 hand crossbow
rCold    . . .     Gourm    .   (shield restricted)
rNeg     . . .     Faith    .   e - +0 robe
rPois    .         Spirit   .   d - +0 hat
rElec    .         Reflect  .   (no cloak)
rCorr    .         Harm     .   (no gloves)
MR       .....                  (no boots)
Stlth    ++........             (no amulet)
HPRegen  0.10/turn              p - +2 ring of evasion
MPRegen  0.11/turn              (no ring)

@: lethally poisoned (0 -> -3)
A: small, carnivore
a: no special abilities


You were on level 3 of the Dungeon.
You were completely stuffed.

You visited 1 branch of the dungeon, and saw 3 of its levels.

You collected 129 gold pieces.

Inventory:

Hand Weapons
 a - a +2 hand axe
 b - a +0 hand crossbow (weapon)
 f - a +0 dagger
 w - a +0 dagger of venom
Missiles
 c - 17 bolts (quivered)
Armour
 d - a +0 hat (worn)
 e - a +0 robe (worn)
Jewellery
 p - a +2 ring of evasion (left hand)
 q - an uncursed amulet of the acrobat {unknown}
 s - an uncursed ring of wizardry {unknown}
Scrolls
 h - a scroll of remove curse {unknown}
 i - 3 scrolls of identify {unknown}
 j - 3 scrolls of teleportation {unknown}
 k - a scroll of random uselessness {unknown}
 m - a scroll of magic mapping {unknown}
 o - 3 scrolls of fear {unknown}
 t - 3 scrolls of enchant weapon {unknown}
 u - a scroll of amnesia {unknown}
Potions
 l - 5 potions of curing {unknown}
 n - 2 potions of degeneration {unknown}
 r - a potion of heal wounds {unknown}
 x - 2 potions of haste {unknown}
Comestibles
 g - 7 rations


   Skills:
 + Level 3.3 Fighting
 + Level 2.9 Axes
 + Level 3.2 Crossbows
 - Level 1.5 Armour
 - Level 2.6 Stealth
 - Level 2.3 Spellcasting
   Level 1.0 Summonings


You had 7 spell levels left.
You knew the following spells:

 Your Spells              Type           Power        Failure   Level  Hunger
a - Foxfire               Conj/Fire      #...         26%         1    ##.....

Your spell library contained the following spells:

 Spells                   Type           Power        Failure   Level  Hunger
 Inner Flame              Hex/Fire       #.......     63%         3    ####...


Dungeon Overview and Level Annotations

Branches:
Dungeon (3/15)

Altars:
Ru
Zin


Innate Abilities, Weirdness & Mutations

You are small and have problems with some larger weapons.
You are carnivorous and can eat meat at any time.


Message History

Aim: a gnoll, wielding a +3 spear of venom (severely wounded)
You shoot a bolt. The bolt closely misses the gnoll.
The bolt barely misses the gnoll.
You feel sick. The gnoll misses you.
Firing (i - inventory)
c - 19 bolts (quivered)
Press: ? - help, Shift-Dir - straight line, f/p - gnoll
Aim: a gnoll You shoot a bolt.
The bolt hits the gnoll.
The gnoll is moderately wounded.
The gnoll hits you!
The gnoll hits you from afar with a +3 spear of venom.
* * * LOW HITPOINT WARNING * * *
The gnoll hits you.
* * * LOW HITPOINT WARNING * * *
Firing (i - inventory)
c - 18 bolts (quivered)
Press: ? - help, Shift-Dir - straight line, f/p - gnoll
Aim: a gnoll (moderately wounded)
You shoot a bolt. The bolt hits the gnoll!
You kill the gnoll!
The gnoll hits you from afar with a +3 spear of venom.
You die...

........#..#..#.##.# #.#
##.##..##.#...#.##.# #.#
##.###...###.##.##.########.#
........## ##.#.............#
##.###.#.###.#####.##########
#.# #.#..#.## #.#
###.###.#.#.## #.#
<.#.......#.#######.#
..).###..(....g(@...#
#.#########.#########
#...........# #############


You could see a gnoll.

Vanquished Creatures
  A worker ant (D:3)
  2 gnolls (D:3)
  7 adders (D:2)
  2 oozes
  A worm (D:3)
  A dart slug (D:1)
  4 leopard geckos
  9 bats
  4 giant cockroaches (D:2)
  5 goblins
  2 hobgoblins
  3 jackals (D:2)
  A quokka (D:3)
  2 frilled lizards
  7 kobolds
  6 rats
57 creatures vanquished.

Vanquished Creatures (others)
  10 foxfires (D:1)
10 creatures vanquished.

Grand Total: 67 creatures vanquished

Notes
Turn   | Place    | Note
-------+----------+-------------------------------------------
     0 | D:1      | night the Kobold Wanderer began the quest for the Orb.
     0 | D:1      | night set off with the following items: a +2 hand axe, a +0
                  | hand crossbow, 27 bolts, a +0 robe, a +0 dagger, a ration;
                  | and the following spell memorised: Foxfire; and the
                  | following spells available to memorise: Inner Flame
     0 | D:1      | Reached XP level 1. HP: 12/12 MP: 3/3
   370 | D:1      | Reached XP level 2. HP: 16/16 MP: 1/5
   716 | D:1      | Reached skill level 1 in Crossbows
   943 | D:2      | Reached XP level 3. HP: 21/21 MP: 6/6
  1229 | D:2      | Reached XP level 4. HP: 18/26 MP: 7/7
  1828 | D:2      | Reached XP level 5. HP: 22/32 MP: 8/8
  2084 | D:2      | Found a sacrificial altar of Ru.
  2460 | D:3      | Found a glowing silver altar of Zin.
  2885 | D:3      | Slain by a gnoll

Levels and vault maps discovered:
D:1:      erik_arrival_triangle_small, layout_basic, minmay_tromino_mix6
D:2:      layout_rooms, nicolae_ru_the_path_less_chosen
D:3:      layout_loops_ring, lemuel_doored_altar, first_ration

Skill      XL: |  1  2  3  4  5 |
---------------+----------------+-----
Crossbows      | 1 2 3 |  3.2
Axes           | 2 |  2.9
Fighting       | 2 3 |  3.3
Armour         | |  1.5
Stealth        | |  2.6
Spellcasting   | |  2.3
Summonings     | |  1.0

Action                   |  1- 3 |  4- 6 || total
-------------------------+-------+-------++-------
Melee: Hand axe          |    50 |    89 ||   139
       Dagger            |       |     1 ||     1
 Fire: Hand crossbow     |     8 |    28 ||    36
 Cast: Foxfire           |     6 |       ||     6
 Stab: Sleeping          |     2 |     3 ||     5
  Eat: Chunk             |     9 |     6 ||    15
Armor: Robe              |    12 |    16 ||    28
Dodge: Dodged            |    46 |    79 ||   125

Table legend:
 A = Non-vault XP
 B = Vault XP
 C = Vault XP percentage of total XP
 D = Non-vault monster count
 E = Vault monster count
 F = Vault count percentage of total count
                 A         B        C        D         E       F
            +---------+---------+-------+---------+---------+-------
      Total |     249 |       1 |   0.4 |      56 |       1 |   1.8
            +---------+---------+-------+---------+---------+-------
        D:1 |      25 |       1 |   3.8 |      12 |       1 |   7.7
        D:2 |     140 |       0 |   0.0 |      32 |       0 |   0.0
        D:3 |      84 |       0 |   0.0 |      12 |       0 |   0.0
            +---------+---------+-------+---------+---------+-------
